 Dungeon Crawl Stone Soup version 0.26-a0-1164-g1a551d6a14 (webtiles) character file.

Game seed: 10275839166183144804

4378 mg7810 the Slasher (level 10, 73/73 HPs)
             Began as a Demonspawn Monk on Dec 4, 2020.
             Was an Elder of Nemelex Xobeh.
             Quit the game on level 9 of the Dungeon on Dec 23, 2020.
             The game lasted 00:44:20 (10263 turns).

mg7810 the Slasher (Demonspawn Monk)               Turns: 10263, Time: 00:44:20

Health: 73/73      AC: 25    Str: 15    XL:     10   Next: 13%
Magic:  14/14      EV:  6    Int: 18    God:    Nemelex Xobeh [****..]
Gold:   524        SH:  5    Dex: 15    Spells: 9/9 levels left

rFire    + . .     SeeInvis .   a - +0 falchion
rCold    . . .     Faith    +   j - +0 buckler
rNeg     + . .     Spirit   +   h - +0 plate armour (curse)
rPois    .         Reflect  .   D - +1 helmet
rElec    .         Harm     .   c - +2 cloak
rCorr    .         Rampage  .   k - +1 pair of gloves
Will     .....                  e - +0 pair of boots
Stlth    ..........             O - amulet of faith
HPRegen  0.22/turn              F - ring of fire
MPRegen  0.14/turn              G - +6 ring of intelligence

@: no status effects
A: claws 2, icy blue scales 3, demonic guardian 1, negative energy resistance 1,
magic shield
a: Renounce Religion, Draw Escape, Draw Destruction, Draw Summoning, Triple
Draw, Deal Four


You were on level 9 of the Dungeon.
You worshipped Nemelex Xobeh.
Nemelex Xobeh was greatly pleased with you.
You visited 2 branches of the dungeon, and saw 10 of its levels.

You collected 524 gold pieces.

Inventory:

Hand Weapons
 a - a +0 falchion (weapon)
 m - a +0 war axe of flaming
Missiles
 f - 15 poisoned darts (quivered)
 v - 6 boomerangs
Armour
 c - a +2 cloak (worn)
 e - a +0 pair of boots (worn)
 h - a cursed +0 plate armour (worn)
 j - a +0 buckler (worn)
 k - a +1 pair of gloves (worn)
 n - a +1 hat
 D - a +1 helmet (worn)
Jewellery
 w - an uncursed ring of willpower {unknown}
 F - a ring of fire (left hand)
 G - a +6 ring of intelligence (right hand)
 O - an amulet of faith (around neck)
Wands
 r - a wand of paralysis (7)
 L - a wand of acid (6)
 M - a wand of flame (7)
Scrolls
 b - 2 scrolls of remove curse
 l - a scroll of fear
 q - a scroll of identify
 t - a scroll of enchant weapon {unknown}
 z - a scroll of teleportation
 B - 2 scrolls of fog
Potions
 d - 3 potions of berserk rage {unknown}
 g - 3 potions of haste {unknown}
 i - 2 potions of ambrosia {unknown}
 o - a potion of flight {unknown}
 p - a potion of heal wounds {unknown}
 s - 10 potions of curing
 u - a potion of brilliance {unknown}
 x - a potion of lignification {unknown}
 A - a potion of invisibility
 C - a potion of attraction {unknown}
 H - a potion of resistance {unknown}
 I - a potion of mutation {unknown}


   Skills:
 + Level 4.8 Fighting
 + Level 6.8 Long Blades
 * Level 1.1 Axes
 + Level 3.7 Throwing
 + Level 5.4 Armour
 + Level 3.6 Dodging
 - Level 2.5 Stealth
 + Level 4.0 Shields
 + Level 3.8 Unarmed Combat
 * Level 5.9 Invocations
 * Level 4.6 Evocations


You had 9 spell levels left.
You didn't know any spells.
Your spell library contained the following spells:

 Spells                   Type           Power        Failure   Level
 Animate Skeleton         Necr           0%           100%        1
 Apportation              Tloc           0%           100%        1
 Corona                   Hex            0%           100%        1
 Summon Small Mammal      Summ           0%           100%        1
 Slow                     Hex            0%           100%        2
 Confusing Touch          Hex            0%           100%        3
 Gell's Gravitas          Tloc           0%           100%        3
 Inner Flame              Hex/Fire       0%           100%        3
 Portal Projectile        Hex/Tloc       0%           100%        3
 Cause Fear               Hex            0%           100%        4
 Leda's Liquefaction      Hex/Erth       0%           100%        4
 Petrify                  Tmut/Erth      0%           100%        4
 Metabolic Englaciation   Hex/Ice        0%           100%        5
 Yara's Violent Unravell  Hex/Tmut       0%           100%        5


Dungeon Overview and Level Annotations

Branches:
Dungeon (9/15)             Temple (1/1) D:7
   Lair: D:8-11         Orc: D:9-12

Altars:
Ashenzari
Cheibriados
Dithmenos
Elyvilon
Fedhas
Gozag
Hepliaklqana
Kikubaaqudgha
Makhleb
Nemelex Xobeh
Okawaru
Qazlal
Ru
Sif Muna
Trog
Uskayaw
Vehumet
Wu Jian
Xom
Yredelemnul
Zin
The Shining One


Innate Abilities, Weirdness & Mutations

You have very sharp fingernails.
You are completely covered in icy blue scales. (AC +4, rC+)
A weak demonic guardian rushes to your aid.
You resist negative energy. (rN+)
When hurt, damage is shared between your health and your magic reserves.


Message History

Things that are here:
+0 acid dragon scales; a +0 short sword; 2 stones
Things that are here:
a +0 spear; a +0 scale mail; a +0 kite shield
Things that are here:
a +0 hand crossbow; a +0 short sword; 17 bolts
q - a scroll of identify You open the door.
There is an open door here.
There is an open door here.
There is an open door here.
There is an open door here.
t - a scroll labelled PEDILU WA MIST
w - a blackened moonstone ring You see here 17 gold pieces.
A phantom is nearby!
A phantom is nearby!
A phantom is nearby!
A phantom is nearby!
Are you sure you want to abandon this character and quit the game? (Confirm with "yes".)

.....................†.......#
+######...##################..
#.#.# #.....#
##########...################.#
...........................!#.# #
.....####...#.....#..#..##..'.###
.....####...#.....#..#..##..#...#
..................#.........#...#
................@...........#####
......#'#.....###'#####'###......
.#....#.#.....#.........# #..#..#
.#....#.#.##..#..##W...## #..#..#
......#.#.##..#..##...[# #.....#
#####.###.##..#####....########.#
#.# #.....#####....#......#.#
####.# #.....#..#####.##.##..#.#
#....# #.##..#..#...#.#####..'..


You could see a phantom.

Vanquished Creatures
  Maurice (D:8)
  Psyche (D:9)
  A wyvern (D:8)
  Duvessa (D:7)
  A sky beast (D:4)
  An orc warrior (D:9)
  A phantom (D:7)
  3 ogres
  3 centaurs
  4 bullfrogs
  Dowan (D:7)
  4 scorpions
  A water moccasin skeleton (D:9)
  4 wights (D:6)
  A howler monkey (D:5)
  A vampire bat (D:5)
  A bullfrog zombie (D:5)
  A quasit (D:5)
  2 hounds (D:9)
  6 orc priests
  A jelly (D:7)
  3 bullfrog skeletons
  2 iguanas (D:6)
  Crazy Yiuf (D:2)
  10 orc wizards
  8 worker ants
  2 hound skeletons
  A gnoll (D:9)
  11 adders
  A shadow imp (D:9)
  A white imp (D:9)
  2 ufetubi
  4 oozes
  2 dart slugs
  2 worms
  5 leopard geckos
  26 orcs
  4 giant cockroaches
  8 goblins
  11 hobgoblins
  15 jackals
  13 kobolds
  8 quokkas
  3 ball pythons
  14 bats
  7 frilled lizards
  2 leopard gecko skeletons (D:8)
  A quokka zombie (D:4)
  5 rats
212 creatures vanquished.

Vanquished Creatures (collateral kills)
  Grum (D:8)
  An acid dragon (D:9)
  An ice beast (D:6)
  An orc warrior (D:8)
  A sky beast (D:7)
  An eye of draining (D:8)
  2 wolves (D:8)
  A centaur (D:6)
  A big kobold (D:9)
  2 bullfrogs
  A wight (D:6)
  A howler monkey (D:4)
  A hound (D:6)
  An orc priest (D:6)
  5 orc wizards
  2 bullfrog skeletons (D:4)
  3 worker ants
  An adder (D:8)
  2 shadow imps
  An adder skeleton (D:8)
  A leopard gecko (D:5)
  2 orcs (D:8)
  4 bats (D:5)
  A frilled lizard (D:4)
  4 kobolds (D:9)
  A leopard gecko skeleton (D:5)
  A leopard gecko zombie (D:8)
44 creatures vanquished.

Vanquished Creatures (others)
  A phantom (D:8)
  2 orc wizards (D:8)
3 creatures vanquished.

Grand Total: 259 creatures vanquished

Notes
Turn   | Place    | Note
-------+----------+-------------------------------------------
     0 | D:1      | mg7810 the Demonspawn Monk began the quest for the Orb.
     0 | D:1      | Reached XP level 1. HP: 18/18 MP: 1/1
   289 | D:1      | Gained mutation: You are partially covered in icy blue
                  | scales. (AC +2) [demonic ancestry]
   289 | D:1      | Reached XP level 2. HP: 24/24 MP: 2/2
   444 | D:1      | Reached skill level 3 in Long Blades
   752 | D:1      | Upgraded the game from 0.26-a0-971-g1d9d62bb61 to
                  | 0.26-a0-1147-g3780a7a11b
  1021 | D:1      | Gained mutation: You are mostly covered in icy blue scales.
                  | (AC +3) [demonic ancestry]
  1021 | D:1      | Reached XP level 3. HP: 29/29 MP: 3/3
  1198 | D:2      | Found a sparkling altar of Nemelex Xobeh.
  1285 | D:2      | Became a worshipper of Nemelex Xobeh the Trickster
  1285 | D:2      | Reached * piety under Nemelex Xobeh
  1285 | D:2      | Received a gift from Nemelex Xobeh
  1285 | D:2      | Received a gift from Nemelex Xobeh
  1285 | D:2      | Reached ** piety under Nemelex Xobeh
  1519 | D:2      | Found a runed translucent door.
  1520 | D:2      | Noticed Crazy Yiuf
  1552 | D:2      | Gained mutation: A weak demonic guardian rushes to your
                  | aid. [demonic ancestry]
  1552 | D:2      | Reached XP level 4. HP: 26/35 MP: 4/4
  1732 | D:2      | Found a burning altar of Makhleb.
  1914 | D:2      | Found a faded altar of an unknown god.
  1978 | D:2      | Reached skill level 1 in Shields
  2207 | D:2      | Killed Crazy Yiuf
  2208 | D:2      | Reached skill level 1 in Armour
  2281 | D:3      | Reached skill level 1 in Invocations
  2366 | D:3      | Gained mutation: You have sharp fingernails. [demonic
                  | ancestry]
  2366 | D:3      | Reached XP level 5. HP: 40/41 MP: 6/6
  2912 | D:4      | Reached skill level 4 in Long Blades
  2919 | D:4      | Gained mutation: You have very sharp fingernails. [demonic
                  | ancestry]
  2919 | D:4      | Reached XP level 6. HP: 47/47 MP: 7/7
  2931 | D:4      | Received a gift from Nemelex Xobeh
  3020 | D:4      | Reached skill level 1 in Evocations
  3081 | D:4      | Noticed a sky beast
  3102 | D:4      | Killed a sky beast
  3103 | D:4      | Reached skill level 1 in Unarmed Combat
  3255 | D:4      | Found a shimmering blue altar of Sif Muna.
  3513 | D:4      | Found a radiant altar of Vehumet.
  3515 | D:4      | Found a shadowy altar of Dithmenos.
  3516 | D:4      | Found an iron altar of Okawaru.
  3519 | D:4      | Found a sacrificial altar of Ru.
  3670 | D:5      | Entered Level 5 of the Dungeon
  3769 | D:5      | Reached XP level 7. HP: 44/53 MP: 8/8
  3917 | D:5      | Reached skill level 1 in Throwing
  4123 | D:5      | Found an ancient bone altar of Kikubaaqudgha.
  4399 | D:5      | Reached *** piety under Nemelex Xobeh
  4810 | D:5      | Received a gift from Nemelex Xobeh
  5001 | D:6      | Found a snail-covered altar of Cheibriados.
  5335 | D:6      | Reached skill level 5 in Long Blades
  5641 | D:6      | Gained mutation: You are completely covered in icy blue
                  | scales. (AC +4, rC+) [demonic ancestry]
  5641 | D:6      | Reached XP level 8. HP: 60/60 MP: 10/10
  6318 | D:6      | Received a gift from Nemelex Xobeh
  6581 | D:6      | Upgraded the game from 0.26-a0-1147-g3780a7a11b to
                  | 0.26-a0-1164-g1a551d6a14
  6623 | D:7      | Got a crude whip
  6652 | D:7      | Identified the +7 whip "Eclaeg" {freeze, *Noise Str-3 Dex+9
                  | Stlth+} (You found it on level 7 of the Dungeon)
  6787 | D:7      | Found a broken altar of Ashenzari.
  6803 | D:7      | Received a gift from Nemelex Xobeh
  6822 | D:7      | Reached **** piety under Nemelex Xobeh
  6963 | D:7      | Found a staircase to the Ecumenical Temple.
  6970 | Temple   | Entered the Ecumenical Temple
  7590 | D:7      | Noticed Dowan
  7591 | D:7      | Killed Dowan
  7591 | D:7      | Killed Duvessa
  7592 | D:7      | Gained mutation: You resist negative energy. (rN+) [demonic
                  | ancestry]
  7592 | D:7      | Reached XP level 9. HP: 65/65 MP: 10/12
  7705 | D:7      | Received a gift from Nemelex Xobeh
  8171 | D:8      | Noticed Maurice
  8191 | D:8      | Reached skill level 6 in Long Blades
  8225 | D:8      | Noticed a smoke demon
  8246 | D:8      | Found a white marble altar of Elyvilon.
  8304 | D:8      | Got a polished hand axe
  8412 | D:8      | Reached skill level 5 in Invocations
  8415 | D:8      | Killed Maurice
  8423 | D:8      | Noticed Grum
  8429 | D:8      | Reached skill level 5 in Armour
  8432 | D:8      | Killed Grum
  8705 | D:8      | Received a gift from Nemelex Xobeh
  8716 | D:8      | Found a sparkling altar of Nemelex Xobeh.
  8980 | D:8      | Found a stormy altar of Qazlal.
  9445 | D:9      | Identified the +2 long sword of Diet Blood {antimagic,
                  | *Noise +Rage rPois SInv}
  9463 | D:9      | Noticed Psyche
  9467 | D:9      | Gained mutation: When hurt, damage is shared between your
                  | health and your magic reserves. [demonic ancestry]
  9467 | D:9      | Reached XP level 10. HP: 56/73 MP: 14/14
  9478 | D:9      | Killed Psyche
  9479 | D:9      | Reached skill level 1 in Axes
  9493 | D:9      | Found an opulent altar of Gozag.
  9613 | D:9      | Received a gift from Nemelex Xobeh
  9912 | D:9      | Found a flagged portal.
 10069 | D:9      | Found a shadowy altar of Dithmenos.
 10263 | D:9      | Quit the game

Illustrated notes

Levels and vault maps discovered:
D:1:      dpeg_arrival_brainrot, layout_basic
D:2:      layout_loops_ring, old_standard_altar, lemuel_round_altar,
          chequers_ecumenical_altar_island, uniq_crazy_yiuf_cottage
D:3:      layout_basic
D:4:      layout_rooms, lemuel_doored_altar, grunt_temple_overflow_open
D:5:      layout_loops_ring, kennysheep_little_box, roderic_batcave,
          minmay_crossroads
D:6:      layout_layer_cave, nicolae_overflow_crystal_walls, st_stairs_3,
          kennysheep_crisscross
D:7:      layout_basic, ashenzari_conservatory_becter,
          minmay_temple_entry_enclosed_plants, uniq_duvessa
D:8:      layout_cave_pools, elyvilon_altar_3, kennysheep_mini,
          nemelex_diamond_rough_becter, uniq_maurice, uniq_grum
D:9:      layout_stronghold, nicolae_gozag_seed_capital, lair_entry_dummy,
          basic_altar, enter_bailey_8, uniq_psyche
Temple:   compressed_dpeg_triangle_lava_temple

Skill      XL: |  1  2  3  4  5  6  7  8  9 10 |
---------------+-------------------------------+-----
Long Blades    | 3 4 5 6 |  6.8
Stealth        | 2 |  2.5
Dodging        | 3 |  3.6
Shields        | 1 2 3 4 |  4.0
Armour         | 1 2 4 5 |  5.4
Invocations    | 1 2 3 4 5 |  5.9
Evocations     | 1 2 3 4 |  4.6
Unarmed Combat | 1 2 3 |  3.8
Throwing       | 1 2 3 |  3.7
Fighting       | 4 |  4.8
Axes           | 1 |  1.1

Action                   |  1- 3 |  4- 6 |  7- 9 | 10-12 || total
-------------------------+-------+-------+-------+-------++-------
Melee: Falchion          |   161 |   228 |   553 |    48 ||   990
Invok: Draw Destruction  |       |     2 |    26 |     3 ||    31
       Draw Summoning    |       |     1 |     8 |       ||     9
       Draw Escape       |       |       |     1 |       ||     1
       Triple Draw       |       |       |       |     1 ||     1
Evoke: Wand              |       |       |     2 |     3 ||     5
  Use: Scroll            |       |       |    16 |     1 ||    17
       Potion            |       |       |     1 |       ||     1
 Stab: Sleeping          |     3 |     1 |       |       ||     4
       Invisible         |       |     1 |       |       ||     1
       Distracted        |       |     1 |     3 |       ||     4
Armor: Robe              |     1 |       |       |       ||     1
       Ring mail         |    75 |   116 |       |       ||   191
       Chain mail        |       |    21 |   378 |       ||   399
       Plate armour      |       |       |    22 |    69 ||    91
Dodge: Dodged            |   106 |   128 |   284 |    21 ||   539
Block: Buckler           |    17 |    51 |   128 |    15 ||   211
       Rpst.: Falchion   |    25 |    35 |    79 |     7 ||   146

Table legend: (Time is in decaauts)
 A = Elapsed time spent in this place.
 B = Non-inter-level travel time spent in this place.
 C = Inter-level travel time spent in this place.
 D = Time resting spent in this place.
 E = Time spent auto-exploring this place.
 F = Levels seen in this place.
 G = Mean time per level.
                   A        B        C        D        E       F      G
               +--------+--------+--------+--------+--------+-----+--------+
         Total |  10355 |   9944 |    411 |      0 |   6839 |  10 | 1035.5 |
       Dungeon |   9990 |   9581 |    409 |      0 |   6541 |   9 | 1110.0 |
        Temple |    364 |    363 |      1 |      0 |    298 |   1 |  364.0 |
               +--------+--------+--------+--------+--------+-----+--------+

Top non-repeatable levels by time:
     D:6: 1685 daAuts
     D:7: 1321 daAuts
     D:5: 1285 daAuts
     D:2: 1175 daAuts
     D:1: 1119 daAuts
     D:8: 1026 daAuts
     D:9: 938 daAuts
     D:4: 800 daAuts
     D:3: 637 daAuts
  Temple: 364 daAuts
